 Dungeon Crawl Stone Soup version 0.27.1-2-g3b301248ec (webtiles) character file.

Game seed: 15840884304570049360

31 Descartes the Sneak (level 3, -3/19 HPs)
             Began as a Spriggan Delver on Sept 24, 2021.
             Slain by Ijyb (7 damage)
             ... while paralysed by Ijyb
             ... on level 5 of the Dungeon.
             The game lasted 00:01:04 (417 turns).

Descartes the Sneak (Spriggan Delver)                Turns: 417, Time: 00:01:04

Health: -3/19      AC:  2    Str:  9    XL:     3   Next: 7%
Magic:  4/4        EV:  4    Int: 11    God:
Gold:   15         SH:  0    Dex: 16    Spells: 2/2 levels left

rFire    . . .     SeeInvis +   a - +0 short sword
rCold    . . .     Faith    .   (shield restricted)
rNeg     . . .     Spirit   .   b - +0 robe
rPois    .         Reflect  .   (helmet restricted)
rElec    .         Harm     .   (no cloak)
rCorr    .         Rampage  .   (gloves unavailable)
Will     .....                  (boots unavailable)
Stlth    ++++......             (no amulet)
HPRegen  0.06/turn              (no ring)
MPRegen  0.09/turn              (no ring)

@: paralysed, hasted, very quick
A: very small, no large weapons, unfitting armour, see invisible, speed 3
a: no special abilities


You were on level 5 of the Dungeon.
You visited 1 branch of the dungeon, and saw 1 of its levels.

You collected 15 gold pieces.

Inventory:

Hand Weapons
 a - a +0 short sword (weapon)
 h - a +0 flail of holy wrath
Armour
 b - a +0 robe (worn)
Wands
 g - a wand of digging (3)
Scrolls
 c - a scroll of fog
 d - a scroll of magic mapping
 e - a scroll of fear
 i - a scroll of amnesia {unknown}
Potions
 j - a potion of cancellation {unknown}


   Skills:
 - Level 2.4 Fighting
 + Level 2.9 Short Blades
 + Level 3.5 Dodging
 + Level 7.7 Stealth


You had 2 spell levels left.
You didn't know any spells.
Your spell library was empty.

Dungeon Overview and Level Annotations

Branches:
Dungeon (5/15)
 Temple: D:4-7

Altars:
Kikubaaqudgha

Annotations:
D:5 Ijyb


Innate Abilities, Weirdness & Mutations

You are very small and have problems with some larger weapons.
You are too small for most types of armour.
You have supernaturally acute eyesight. (SInv)
You cover ground extremely quickly. (Speed+++)


Message History

You hit Ijyb but do no damage.
Ijyb is lightly wounded.
Ijyb hits you with a +4 club.
* * * LOW HITPOINT WARNING * * *
You hit Ijyb but do no damage.
Ijyb is lightly wounded.
You closely miss Ijyb.
Ijyb is lightly wounded.
Ijyb misses you.
You hit Ijyb but do no damage.
Ijyb is lightly wounded.
Ijyb hits you with a +4 club.
* * * LOW HITPOINT WARNING * * *
You hit Ijyb.
Ijyb is lightly wounded.
You closely miss Ijyb.
Ijyb is lightly wounded.
Ijyb hits you but does no damage.
You closely miss Ijyb.
Ijyb is lightly wounded.
Ijyb misses you.
You hit Ijyb but do no damage.
Ijyb is lightly wounded.
You hit Ijyb but do no damage.
Ijyb is lightly wounded.
Ijyb zaps a wand.
You resist with some effort.
You hit Ijyb but do no damage.
Ijyb is lightly wounded.
Ijyb screams, "Die!"
Ijyb misses you.
You hit Ijyb but do no damage.
Ijyb is lightly wounded.
You hit Ijyb but do no damage.
Ijyb is lightly wounded.
Ijyb zaps a wand.
You suddenly lose the ability to move!
Ijyb zaps a wand.
You shrug off the repeated paralysis!
Ijyb zaps a wand.
You resist with some effort.
Ijyb zaps a wand.
You resist with some effort. Ijyb hits you with a +4 club!
You die...

#.# #.# ##
#.# #.#
######.####.#
#..........#
#.#######.##
####..#
####....#.#
.......@##.#
.......g# .#
.#......# .
####.... #
#.... .....#
.......
.##.....


You could see Ijyb.

Vanquished Creatures
  A bullfrog skeleton (D:5)
  An adder skeleton (D:5)
2 creatures vanquished.

Notes
Turn   | Place    | Note
-------+----------+-------------------------------------------
     0 | D:5      | Descartes the Spriggan Delver began the quest for the Orb.
     0 | D:5      | Reached XP level 1. HP: 11/11 MP: 2/2
    26 | D:5      | Found an ancient bone altar of Kikubaaqudgha.
   256 | D:5      | Reached XP level 2. HP: 14/16 MP: 3/3
   256 | D:5      | Reached XP level 3. HP: 16/19 MP: 4/4
   390 | D:5      | Noticed Ijyb
   413 | D:5      | Paralysed by Ijyb for 6 turns
   417 | D:5      | Slain by Ijyb

Illustrated notes

Levels and vault maps discovered:
D:5:      layout_loops_ring, mainiacjoe_overflow_surrounded_room,
          kiku_gazebo_pond_becter, hangedman_decor_growths, sigmund_army,
          uniq_ijyb

Skill      XL: |  1 |
---------------+----+-----
Dodging        | 3 |  3.5
Fighting       | |  2.4
Short Blades   | |  2.9
Stealth        | |  7.7

Action                   || total
-------------------------++-------
Melee: Flail             ||     8
       Short sword       ||    18
  Use: Potion            ||     1
Armor: Robe              ||     2
Dodge: Dodged            ||    10
